 Dungeon Crawl Stone Soup version 0.31.0-9-g3a7656b989 (webtiles) character file.

Game seed: 6322336491748993156

296 qw the Skirmisher (level 6, -3/34 HPs)
             Began as a Deep Elf Hunter on Feb 2, 2024.
             Slain by a gnoll
             ... wielding a +0 spear
              (4 damage)
             ... on level 3 of the Dungeon.
             The game lasted 00:00:07 (2086 turns).

qw the Skirmisher (Deep Elf Hunter)                 Turns: 2086, Time: 00:00:07

Health: -3/34      AC:  3    Str: 13    XL:     6   Next: 12%
Magic:  8/8        EV: 13    Int: 14    God:
Gold:   108        SH:  0    Dex: 18    Spells: 5/5 levels left

rFire   . . .        a - +0 shortbow
rCold   . . .        (shield currently unavailable)
rNeg    . . .        m - +1 robe "Wuirchepp" {Str+3 Archmagi}
rPois   .            (no helmet)
rElec   .            (no cloak)
rCorr   .            (no gloves)
SInv    +            (no boots)
Will    .....        (no amulet)
Stlth   ++           i - ring of see invisible
HPRegen 0.25/turn    (no ring)
MPRegen 0.11/turn

%: archmagi
@: no status effects
A: no striking features
a: no special abilities


You were on level 3 of the Dungeon.
You visited 1 branch of the dungeon, and saw 3 of its levels.

You collected 108 gold pieces.


   Skills:
 - Level 1.5 Fighting
 - Level 9.7 Ranged Weapons
 + Level 2.6 Dodging
 - Level 1.2 Stealth


You had 5 spell levels left.
You didn't know any spells.
Your spell library was empty.

Inventory:

Hand Weapons
 a - a +0 shortbow (weapon)
Armour
 c - the scarf of the Inquisitive Souls {harm, rC+ Will+ Int-3}
   (You acquired it on level 2 of the Dungeon)

   Int-3:     It affects your intelligence (-3).
   rC+:       It protects you from cold.
   Will+:     It increases your willpower.
 m - the +1 robe "Wuirchepp" (worn) {Str+3 Archmagi}
   (You found it on level 2 of the Dungeon)

   Str+3:     It affects your strength (+3).
   Archmagi:  It increases the power of your magical spells.
Jewellery
 i - a ring of see invisible (left hand)
Scrolls
 d - a scroll of fog {unknown}
Potions
 b - 2 potions of mutation
 f - 3 potions of enlightenment
 h - a potion of curing

Dungeon Overview and Level Annotations

Branches:
Dungeon (3/15)

Altars:
Elyvilon


Message History

You start resting.
A gnoll is nearby!
2073 ||| FLEEEEING.
2074 ||| FLEEEEING.
2075 ||| FLEEEEING.
You shoot an arrow.
The arrow hits the gnoll but does no damage.
You shoot an arrow. The arrow hits the gnoll!
The gnoll is severely wounded.
You shoot an arrow. The arrow hits the gnoll.
The gnoll is severely wounded.
A gnoll comes into view. It is wielding a +0 spear.
The gnoll hits you with a +0 heavy flail!
You shoot an arrow. The gnoll shouts!
The arrow hits the gnoll.
The gnoll is almost dead.
You hear a shout!
You shoot an arrow.
The arrow hits the gnoll but does no damage.
The gnoll is almost dead.
The gnoll hits you with a +0 heavy flail!
You shoot an arrow. The arrow hits the gnoll!
You kill the gnoll!
You shoot an arrow. The arrow barely misses the gnoll.
You shoot an arrow.
The arrow hits the gnoll but does no damage.
The gnoll hits you from afar with a +0 spear.
A gnoll comes into view. It is wielding a +0 spear.
You shoot an arrow. The arrow hits the gnoll.
The gnoll is moderately wounded.
You shoot an arrow.
The arrow hits the gnoll but does no damage.
The gnoll is moderately wounded.
The gnoll hits you from afar with a +0 spear!
You shoot an arrow.
The arrow hits the gnoll but does no damage.
The gnoll is moderately wounded.
The gnoll hits you from afar with a +0 spear.
You die...

#..###.....#####....#~.
##....#.......##....#~.
####.<....###########.
#.##.#.##~~~~~~~##.
#.##...##~........#
#.##.#..#~~~~~~~##.
#.##.##.##########.
#..#....## .##~. P
##@###...# ...#~. ~.~
#)####..###....#~. ~.~~#
#gg##..........#~.
~.~~~P##.##%<..####..#~.
................# #~.
~.~~~P##.~.8.~.......#~~
~.~~# #.~...~..##...###
~.~ #.~~.~~...# ># P
#.~~.~~...# ..


You could see 2 gnolls.

Vanquished Creatures
  Grinder (D:3)
  3 gnolls
  An adder (D:2)
  2 dart slugs (D:1)
  A ribbon worm (D:2)
  6 endoplasms
  3 goblins
  A hobgoblin (D:1)
  5 jackals (D:1)
  6 kobolds
  3 quokkas
  6 ball pythons
  7 bats
  A frilled lizard (D:1)
  A rat (D:2)
47 creatures vanquished.

Vanquished Creatures (others)
  A gnoll (D:2)
  A bat (D:2)
2 creatures vanquished.

Grand Total: 49 creatures vanquished

Notes
Turn   | Place    | Note
-------+----------+-------------------------------------------
     0 | D:1      | qw the Deep Elf Hunter began the quest for the Orb.
     0 | D:1      | Reached XP level 1. HP: 12/12 MP: 3/3
     0 | D:1      | 0 ||| qw: Version: 0.3-a-155-g5e7d8dd
     0 | D:1      | 0 ||| qw: Game counter: 1761
     0 | D:1      | 0 ||| qw: Melee chars always use a shield: true
     0 | D:1      | 0 ||| qw: God list: Okawaru
     0 | D:1      | 0 ||| qw: Allow faded altars: false
     0 | D:1      | 0 ||| qw: Do Orc after clearing Dungeon:15 true
     0 | D:1      | 0 ||| qw: Do second Lair branch before Depths: true
     0 | D:1      | 0 ||| qw: Lair rune preference: random
     0 | D:1      | 0 ||| qw: Goals: Normal
     0 | D:1      | 0 ||| PLANNING D:1-11
   104 | D:1      | Reached skill level 6 in Ranged Weapons
   104 | D:1      | Reached XP level 2. HP: 15/16 MP: 4/4
   253 | D:1      | Found a faded altar of an unknown god.
   382 | D:1      | Reached XP level 3. HP: 10/20 MP: 5/5
  1003 | D:1      | 1003 ||| UPGRADING to ring of see invisible.
  1004 | D:1      | 1004 ||| READING 2 scrolls labelled UPTETI HUUKA.
  1004 | D:1      | 1004 ||| IDENTIFYING amethyst potion
  1005 | D:1      | 1005 ||| READING scroll of identify.
  1005 | D:1      | 1005 ||| IDENTIFYING viscous clear potion
  1006 | D:1      | 1006 ||| READING 2 scrolls labelled GEHOTHRURHA.
  1007 | D:1      | 1007 ||| DRINKING 2 smoky ruby potions.
  1008 | D:1      | 1008 ||| DROPPING scroll of butterflies.
  1009 | D:1      | 1009 ||| DROPPING scroll of revelation.
  1150 | D:2      | Reached skill level 7 in Ranged Weapons
  1165 | D:2      | Identified the +1 robe "Wuirchepp" {Str+3 Archmagi}
  1234 | D:2      | Reached XP level 4. HP: 19/25 MP: 6/6
  1572 | D:2      | 1572 ||| UPGRADING to +1 robe "Wuirchepp" {Str+3 Archmagi}.
  1582 | D:2      | 1582 ||| DROPPING +0 leather armour.
  1583 | D:2      | 1583 ||| READING 2 scrolls of identify.
  1583 | D:2      | 1583 ||| IDENTIFYING fizzy green potion
  1584 | D:2      | 1584 ||| READING scroll of identify.
  1584 | D:2      | 1584 ||| IDENTIFYING 2 cyan potions
  1585 | D:2      | 1585 ||| READING scroll labelled DUSTREI BENAZE.
  1686 | D:2      | 1686 ||| READING scroll labelled VENKUT QAFOMYR.
  1689 | D:2      | 1689 ||| READING scroll labelled TEPHOU MOPTELY.
  1689 | D:2      | Identified a scroll of acquirement
  1689 | D:2      | 1689 ||| ACQUIRING scarf of the Inquisitive Souls {harm,
                  | rC+ Will+ Int-3}
  1689 | D:2      | Acquired the scarf of the Inquisitive Souls {harm, rC+
                  | Will+ Int-3}
  1691 | D:2      | 1691 ||| READING scroll labelled HUDIRI FE YCE.
  1792 | D:2      | 1792 ||| READING scroll labelled HECVAE MUZULOO.
  1793 | D:2      | 1793 ||| DRINKING 2 viscous purple potions.
  1794 | D:2      | 1794 ||| DROPPING potion of invisibility.
  1961 | D:3      | Found a white marble altar of Elyvilon.
  1970 | D:3      | Noticed Grinder
  1971 | D:3      | 1971 ||| DRINKING potion of haste.
  1985 | D:3      | HP: 4/25 [Grinder (4)]
  1986 | D:3      | 1986 ||| DRINKING potion of heal wounds.
  1992 | D:3      | 1992 ||| FLEEEEING.
  1994 | D:3      | 1994 ||| FLEEEEING.
  2000 | D:3      | Killed Grinder
  2001 | D:3      | Reached skill level 9 in Ranged Weapons
  2001 | D:3      | Reached XP level 5. HP: 12/29 MP: 7/7
  2001 | D:3      | Reached XP level 6. HP: 14/34 MP: 8/8
  2069 | D:3      | 2069 ||| FLEEEEING.
  2070 | D:3      | 2070 ||| FLEEEEING.
  2071 | D:3      | 2071 ||| FLEEEEING.
  2073 | D:3      | 2073 ||| FLEEEEING.
  2074 | D:3      | 2074 ||| FLEEEEING.
  2075 | D:3      | 2075 ||| FLEEEEING.
  2083 | D:3      | HP: 8/34 [gnoll/+0 spear (4)]
  2085 | D:3      | HP: 1/34 [gnoll/+0 spear (7)]
  2086 | D:3      | Slain by a gnoll

Levels and vault maps discovered:
D:1:      amcnicky_arrival_blooded_trapdoor, layout_basic,
          hellmonk_ecumenical_altar_blasted
D:2:      layout_basic, minmay_misc_feat_five, lemuel_flame_loot_1
D:3:      layout_rooms, mainiacjoe_overflow_catwalk, serial_shops,
          nicolae_shop_rolling_square, dreamdust_princess_bridge,
          kennysheep_cross_bottleneck, uniq_grinder

Skill      XL: |  1  2  3  4 |
---------------+-------------+-----
Ranged Weapons | 6 7 9 |  9.7
Fighting       | |  1.5
Dodging        | |  2.6
Stealth        | |  1.2

Action                     |  1- 3 |  4- 6 || total
---------------------------+-------+-------++-------
   Fire: Shortbow          |   104 |    43 ||   147
    Use: Scroll            |     3 |     7 ||    10
         Potion            |     1 |     3 ||     4
 Armour: Leather armour    |    18 |       ||    18
         Robe              |       |    11 ||    11
  Dodge: Dodged            |    27 |     2 ||    29

Table legend:
 A = Non-vault XP
 B = Vault XP
 C = Vault XP percentage of total XP
 D = Non-vault monster count
 E = Vault monster count
 F = Vault count percentage of total count
                 A         B        C        D         E       F
            +---------+---------+-------+---------+---------+-------
      Total |     133 |     290 |  68.6 |      46 |       1 |   2.1
            +---------+---------+-------+---------+---------+-------
        D:1 |      49 |       0 |   0.0 |      27 |       0 |   0.0
        D:2 |      65 |       0 |   0.0 |      15 |       0 |   0.0
        D:3 |      19 |     290 |  93.9 |       4 |       1 |  20.0
            +---------+---------+-------+---------+---------+-------
